 Dungeon Crawl Stone Soup version 0.28-a0-1227-ga9037bb4c8 (webtiles) character file.

Game seed: 16904096637869212600

31 oldriver the Vexing (level 3, -2/26 HPs)
             Began as a Formicid Arcane Marksman on Dec 23, 2021.
             Killed from afar by Terence (11 damage)
             ... with a puff of flame
             ... on level 2 of the Dungeon.
             The game lasted 00:04:24 (1671 turns).

oldriver the Vexing (Formicid Arcane Marksman)      Turns: 1671, Time: 00:04:25

Health: -2/26      AC:  2    Str: 14    XL:     3   Next: 40%
Magic:  1/4        EV: 12    Int: 12    God:
Gold:   54         SH:  0    Dex: 13    Spells: 3/4 levels left

rFire   . . .      SeeInvis +   a - +0 hunting sling
rCold   . . .      Faith    .   (no shield)
rNeg    . . .      Spirit   .   d - +0 robe
rPois   .          Reflect  .   (helmet unavailable)
rElec   .          Harm     .   (no cloak)
rCorr   .          Rampage  .   (no gloves)
Will    .....                   (no boots)
Stlth   +.........              (no amulet)
HPRegen 0.08/turn               (no ring)
MPRegen 0.09/turn               (no ring)

@: no status effects
A: permanent stasis, dig shafts and tunnels, antennae 3, four strong arms
a: Dig, Shaft Self


You were on level 2 of the Dungeon.
You visited 1 branch of the dungeon, and saw 2 of its levels.

You collected 101 gold pieces.
You spent 47 gold pieces at shops.

Inventory:

Hand Weapons
 a - a +0 hunting sling (weapon)
Missiles
 c - 2 sling bullets (quivered ammo)
Armour
 d - a +0 robe (worn)
Scrolls
 b - 3 scrolls of immolation {unknown}
 f - a scroll of teleportation {unknown}
 h - 2 scrolls of holy word {unknown}
 i - a scroll of fear {unknown}
 j - a scroll of enchant armour {unknown}
 l - a scroll of identify {unknown}
Potions
 e - a potion of attraction {unknown}
 g - a potion of flight {unknown}
 k - a potion of heal wounds {unknown}


   Skills:
 + Level 1.5 Fighting
 * Level 3.6 Slings
 + Level 1.7 Dodging
 + Level 1.2 Spellcasting
 + Level 3.7 Hexes


You had 3 spell levels left.
You knew the following spells:

 Your Spells              Type           Power      Damage    Failure   Level
a - Slow                  Hex            36%        N/A       6%          1

Your spell library contained the following spells:

 Spells                   Type           Power      Damage    Failure   Level
 Inner Flame              Hex/Fire       5%         N/A       38%         3
 Portal Projectile        Hex/Tloc       10%        N/A       38%         3
 Corpse Rot               Necr/Air       0%         N/A       41%         2
 Cause Fear               Hex            4%         N/A       54%         4
 Dispel Undead            Necr           0%         3d6       96%         4
 Death Channel            Necr           0%         N/A       100%        6


Dungeon Overview and Level Annotations

Branches:
Dungeon (2/15)

Altars:

Shops:
D:1 ?(**[

Annotations:
D:2 Terence


Innate Abilities, Weirdness & Mutations

You cannot be hasted, slowed, berserked, paralysed or teleported.
You can dig through walls and to a lower floor.
You have a pair of large antennae on your head. (SInv)
Your four strong arms can wield two-handed weapons with a shield.


Message History

You shoot a sling bullet.
The sling bullet hits Terence but does no damage.
Terence is lightly wounded.
You shoot a sling bullet. The sling bullet barely misses Terence.
Terence zaps a wand.
The puff of flame hits you!
You shoot a sling bullet.
The sling bullet closely misses Terence.
Terence zaps a wand.
The puff of flame misses you.
You shoot a sling bullet. The sling bullet hits Terence.
Terence is moderately wounded.
Terence looks scornfully at you.
You shoot a sling bullet.
The sling bullet hits Terence but does no damage.
Terence is moderately wounded.
You shoot a sling bullet.
The sling bullet closely misses Terence.
Terence zaps a wand.
The puff of flame hits you!
You are too injured to fight recklessly!
Terence is no longer moving slowly.
Casting: Slow (safe; 6% risk of failure)
Confirm with . or Enter, or press ? or * to list all spells.
Aiming: Slow (safe; 6% risk of failure)
Press: ? - help, Shift-Dir - straight line, f/p - Terence
Aim: Terence, wielding a +0 flail, wearing a +0 scale mail and carrying a wand of flame (20) (moderately wounded, chance to affect: 52%) Terence resists with significant effort.
Terence zaps a wand.
The puff of flame misses you.
Casting: Slow (safe; 6% risk of failure)
Confirm with . or Enter, or press ? or * to list all spells.
Aiming: Slow (safe; 6% risk of failure)
Press: ? - help, Shift-Dir - straight line, f/p - Terence
Aim: Terence, wielding a +0 flail, wearing a +0 scale mail and carrying a wand of flame (19) (moderately wounded, chance to affect: 52%) Terence resists with significant effort.
Terence shouts, "DIE!!!"
Casting: Slow (safe; 6% risk of failure)
Confirm with . or Enter, or press ? or * to list all spells.
Aiming: Slow (safe; 6% risk of failure)
Press: ? - help, Shift-Dir - straight line, f/p - Terence
Aim: Terence, wielding a +0 flail, wearing a +0 scale mail and carrying a wand of flame (19) (moderately wounded, chance to affect: 52%) Terence seems to slow down.
Terence zaps a wand.
The puff of flame hits you!
You die...

###### #.....###########.....
.....#### #...............#.(...
..>.....# #...............#.....
.....##.# ##........>..........)
.....##.## ###....#.............
.....##..######....#.............
((..@................<.....#.....
.....###..#####....#.......#.....
##...........@..@................
...........................#####.
...#######.#######.........# #.
..<..............#..######## ##
...#######..####.#..#
...########.# ##.#..##
............###......#
.............##......#
.............##......#


You could see Terence (slow).

Vanquished Creatures
  A dart slug (D:1)
  4 endoplasms
  A giant cockroach (D:1)
  3 goblins
  5 hobgoblins
  2 quokkas
  2 ball pythons
  2 bats (D:1)
  A frilled lizard (D:1)
  A kobold (D:1)
  4 rats
26 creatures vanquished.

Notes
Turn   | Place    | Note
-------+----------+-------------------------------------------
     0 | D:1      | oldriver the Formicid Arcane Marksman began the quest for
                  | the Orb.
     0 | D:1      | Reached XP level 1. HP: 15/15 MP: 2/2
    23 | D:1      | Found Byufu's Antique Weapon Boutique.
   120 | D:1      | Found Puiherad's Magic Scroll Boutique.
   239 | D:1      | Found Laomu's General Store.
   247 | D:1      | Found Ipemulis's Assorted Antiques.
   261 | D:1      | Bought an orange potion for 15 gold pieces
   261 | D:1      | Bought a scroll labelled ELOLLE OLOUWYF for 17 gold pieces
   261 | D:1      | Bought a silvery potion for 15 gold pieces
   269 | D:1      | Reached XP level 2. HP: 16/21 MP: 3/3
   342 | D:1      | Found Dofu's Armour Shoppe.
  1005 | D:2      | Reached XP level 3. HP: 26/26 MP: 4/4
  1282 | D:2      | Noticed Terence
  1671 | D:2      | Killed from afar by Terence

Illustrated notes

Levels and vault maps discovered:
D:1:      scummos_arrival_simple_fountains, layout_basic, serial_shops, shop,
          shop, shop_statue, nicolae_shop_crystal, shop_statue,
          minmay_misc_feat_room
D:2:      minmay_general_purpose_star, layout_basic, uniq_terence

Skill      XL: |  1  2 |
---------------+-------+-----
Slings         | 3 |  3.6
Fighting       | |  1.5
Dodging        | |  1.7
Spellcasting   | |  1.2
Hexes          | |  3.7

Action                   || total
-------------------------++-------
 Fire: Hunting sling     ||    96
 Cast: Slow              ||    11
Armor: Robe              ||     1
Dodge: Dodged            ||    15

Table legend: (Time is in decaauts)
 A = Elapsed time spent in this place.
 B = Non-inter-level travel time spent in this place.
 C = Inter-level travel time spent in this place.
 D = Time resting spent in this place.
 E = Time spent auto-exploring this place.
 F = Levels seen in this place.
 G = Mean time per level.
                   A        B        C        D        E       F      G
               +--------+--------+--------+--------+--------+-----+--------+
         Total |   1676 |   1621 |     55 |    218 |   1149 |   2 |  838.0 |
       Dungeon |   1676 |   1621 |     55 |    218 |   1149 |   2 |  838.0 |
               +--------+--------+--------+--------+--------+-----+--------+

Top non-repeatable levels by time:
     D:1: 1132 daAuts
     D:2: 544 daAuts
